 Dungeon Crawl Stone Soup version 0.26.0-20-g3ca415f5b8 (webtiles) character file.

Game seed: 4098692434275406098

510 thiole the Shield-Bearer (level 7, -5/49 HPs)
             Began as an Octopode Fighter on Jan 24, 2021.
             Slain by an orc
             ... wielding a cursed -3 trident
              (9 damage)
             ... on level 4 of the Dungeon.
             The game lasted 00:08:47 (2909 turns).

thiole the Shield-Bearer (Octopode Fighter)         Turns: 2909, Time: 00:08:48

Health: -5/49      AC:  1    Str: 15    XL:     7   Next: 19%
Magic:  7/7        EV: 13    Int: 12    God:
Gold:   241        SH:  9    Dex: 12    Spells: 6/6 levels left

rFire    . . .     SeeInvis .   a - +0 war axe
rCold    . . .     Faith    .   b - +0 kite shield
rNeg     . . .     Spirit   .   (helmet restricted)
rPois    .         Reflect  .   (no amulet)
rElec    .         Harm     .   u - ring of stealth
rCorr    .         Rampage  .   (no ring)
Will     .....                  (no ring)
Stlth    +++.......             (no ring)
HPRegen  0.16/turn              (no ring)
MPRegen  0.10/turn              (no ring)
                                (no ring)
                                (no ring)

@: mighty
A: almost no armour, stealthy swim, amphibious, 8 rings, constrict 8, camouflage
1, gelatinous body 1
a: no special abilities


You were on level 4 of the Dungeon.
You visited 1 branch of the dungeon, and saw 4 of its levels.
You also visited: Sewer.

You collected 241 gold pieces.

Inventory:

Hand Weapons
 a - a +0 war axe (weapon)
 s - a +2 trident of flaming
Armour
 b - a +0 kite shield (worn)
Jewellery
 u - a ring of stealth (left tentacle)
Wands
 p - a wand of iceblast (10)
 r - a wand of flame (5)
 t - a wand of digging (6)
 y - a wand of polymorph (13)
Scrolls
 f - a scroll of teleportation {unknown}
 g - a scroll of fog {unknown}
 h - 4 scrolls of magic mapping {unknown}
 j - 2 scrolls of identify {unknown}
 k - 3 scrolls of amnesia {unknown}
 l - 4 scrolls of remove curse {unknown}
 n - 2 scrolls of enchant armour {unknown}
 o - 2 scrolls of blinking {unknown}
 w - a scroll of immolation {unknown}
 x - a scroll of fear {unknown}
Potions
 d - 3 potions of lignification {unknown}
 i - 2 potions of berserk rage {unknown}
 q - a potion of degeneration {unknown}
 v - 2 potions of flight {unknown}


   Skills:
 + Level 4.6 Fighting
 + Level 4.1 Axes
 + Level 4.7 Dodging
 + Level 4.7 Shields


You had 6 spell levels left.
You didn't know any spells.
Your spell library was empty.

Dungeon Overview and Level Annotations

Branches:
Dungeon (4/15)              Sewer (visited)
 Temple: D:4-7

Altars:
Wu Jian
Yredelemnul

Annotations:
D:3 1 runed translucent door, Crazy Yiuf


Innate Abilities, Weirdness & Mutations

You cannot wear most types of armour.
You are very stealthy in the water. (Stealth+)
You are amphibious.
You can wear up to eight rings at the same time.
You can use your tentacles to constrict eight enemies at once.
Your skin changes colour to match your surroundings (Stealth+).
Your rubbery body absorbs attacks. (AC +1, EV +1)


Message History

A worker ant comes into view.
The worker ant closely misses you. You block the orc's attack.
The orc closely misses you. The ogre hits you with a +0 giant club.
* * * LOW HITPOINT WARNING * * *
The hound skeleton barely misses you. The orc completely misses you.
The orc shouts!
You slash the ogre!
The ogre is severely wounded.
You slash the orc!
You kill the orc!
You hit the worker ant. You barely miss the orc. You slash the hound skeleton!
You barely miss the orc.
You hear a shout!
You block the gnoll's attack. You block the worker ant's attack.
The hound skeleton bites you but does no damage.
The orc hits you with a +0 hand axe!
* * * LOW HITPOINT WARNING * * *
The orc closely misses you.
The orc hits you from afar with a cursed -3 trident!
You die...

.. ..#.. ... ..#..
...# .... ..#####...
....#..## ##.
#....?.##...
##.B.).......
#..o@O.....#
#..†Zo...[.# ...
#..##oog.....###...
.# .............##...
... ........oP.P..#.#
#...
...B......_.....##..O
.........P†........#
.................# .
.....##....#.....# ..


You could see an ogre, 2 worker ants, a gnoll, 5 orcs and a hound skeleton.

Vanquished Creatures
  A big kobold (Sewer)
  A howler monkey (D:4)
  A hound (D:4)
  An orc wizard (D:4)
  An orc priest (D:4)
  Ijyb (D:3)
  Terence (D:3)
  2 worker ants (D:4)
  9 adders
  3 river rats (Sewer)
  4 worms
  4 leopard geckos
  2 orcs
  7 bats
  6 giant cockroaches
  5 goblins
  7 hobgoblins
  7 jackals
  14 kobolds
  4 quokkas
  5 ball pythons
  6 frilled lizards
  12 rats
104 creatures vanquished.

Vanquished Creatures (others)
  A withered plant (D:4)
1 creature vanquished.

Grand Total: 105 creatures vanquished

Notes
Turn   | Place    | Note
-------+----------+-------------------------------------------
     0 | D:1      | thiole the Octopode Fighter began the quest for the Orb.
     0 | D:1      | Reached XP level 1. HP: 16/16 MP: 1/1
    96 | D:1      | Reached XP level 2. HP: 21/21 MP: 2/2
   630 | D:2      | Reached XP level 3. HP: 26/26 MP: 3/3
   650 | D:2      | Found an ornate altar of the Wu Jian Council.
  1138 | D:2      | Reached XP level 4. HP: 30/31 MP: 4/4
  1615 | D:3      | Found a runed translucent door.
  1616 | D:3      | Noticed Crazy Yiuf
  1767 | D:3      | Noticed Terence
  1808 | D:3      | Noticed Ijyb
  1906 | D:3      | Killed Ijyb
  1907 | D:3      | Reached XP level 5. HP: 34/37 MP: 5/5
  2108 | D:3      | Found a glowing drain.
  2117 | Sewer    | Entered a sewer
  2287 | Sewer    | Noticed a big kobold
  2295 | Sewer    | Killed a big kobold
  2296 | Sewer    | Reached XP level 6. HP: 35/43 MP: 6/6
  2364 | Sewer    | Found a white marble altar of Elyvilon.
  2660 | D:3      | Killed Terence
  2867 | D:4      | Found a basalt altar of Yredelemnul.
  2896 | D:4      | Reached XP level 7. HP: 26/49 MP: 7/7
  2909 | D:4      | Slain by an orc

Illustrated notes

Levels and vault maps discovered:
D:1:      scummos_arrival_star, layout_rooms, minmay_crystal_water,
          minmay_misc_feat_diagonals
D:2:      layout_basic, nzn_wu_jian_contemplation
D:3:      layout_basic, portal_sewer_entry_b, minmay_fractal_squares_diagonal_5,
          uniq_crazy_yiuf_cottage, uniq_terence, uniq_ijyb
D:4:      layout_cave_pools, yredelemnul_altar_generic,
          gammafunk_temple_overflow_forgotten

Skill      XL: |  1  2  3  4  5  6  7 |
---------------+----------------------+-----
Axes           | 3 4 |  4.1
Dodging        | 4 |  4.7
Shields        | 4 |  4.7
Fighting       | 4 |  4.6

Action                   |  1- 3 |  4- 6 |  7- 9 || total
-------------------------+-------+-------+-------++-------
Melee: War axe           |    64 |   112 |     7 ||   183
       Constrict         |    15 |    42 |     2 ||    59
       Tentacles         |    13 |    21 |     1 ||    35
Evoke: Wand              |       |     1 |       ||     1
  Use: Potion            |       |     1 |     7 ||     8
 Stab: Sleeping          |     6 |     4 |       ||    10
Armor: Skin              |     9 |     7 |     3 ||    19
Dodge: Dodged            |    32 |    68 |    33 ||   133
Block: Kite shield       |    33 |    46 |    27 ||   106
